TOP OF THE 1ST |
Barry's Bay Orioles batting - Pitching for Minnesota Death Stars : RHP Pat Jackson
|
Pitching: RHP Pat Jackson
|
|
Batting: LHB Javier Orozco
|
0-0: Called Strike 0-1: Fly out, F9 (Flyball, 89S)
|
Batting: RHB Juan Méndez
|
0-0: Foul Ball, location: 2F 0-1: SINGLE (Line Drive, 4M)
|
Batting: RHB Shaun Puckett
|
0-0: Foul Ball, location: 2F 0-1: Ball 1-1: Swinging Strike 1-2: Hit by Pitch Juan Méndez to second
|
Batting: LHB William Wolf
|
0-0: Ball 1-0: Swinging Strike 1-1: Fly out, F6 (Popup, 6D)
|
Batting: RHB Tom Hughes
|
0-0: Ball 1-0: Called Strike 1-1: Ball 2-1: Ball 3-1: Base on Balls Juan Méndez to third Shaun Puckett to second
|
Batting: SHB Walt Simmons
|
0-0: Called Strike 0-1: Foul Ball, location: 2F 0-2: Foul Ball, location: 2F 0-2: Foul Ball, location: 2F 0-2: Ball 1-2: Fielders Choice at 2nd, 6-4 (Groundball, 6S)
|
Top of the 1st over - 0 run(s), 1 hit(s), 0 error(s), 2 left on base; Barry's Bay 0 - Minnesota 0 |
BOTTOM OF THE 1ST |
Minnesota Death Stars batting - Pitching for Barry's Bay Orioles : LHP Ben Turner
|
Pitching: LHP Ben Turner
|
|
Batting: RHB José Pérez
|
0-0: Ball 1-0: Ball 2-0: Swinging Strike 2-1: Ball 3-1: Foul Ball, location: 2F 3-2: SINGLE (Groundball, 4)
|
Batting: RHB Peter Dixon
|
0-0: Ball 1-0: Ball 2-0: Ball 3-0: Base on Balls José Pérez to second
|
Batting: LHB Chris Loudermilk
|
0-0: Foul Ball, location: 2F 0-1: Fly out, F9 (Line Drive, 9M) Runner from 2nd tags up, SAFE at 3rd with throw
|
Batting: RHB Herb Ashley
|
0-0: Called Strike 0-1: Fly out, F7 (Flyball, 7LM) Runner from 3rd tags up, SCORES, no throw
|
Batting: RHB Jorge Martínez
|
0-0: Called Strike 0-1: Called Strike 0-2: Foul Ball, location: 2F 0-2: Ball 1-2: Fly out, F9 (Flyball, 3D)
|
Bottom of the 1st over - 1 run(s), 1 hit(s), 0 error(s), 1 left on base; Barry's Bay 0 - Minnesota 1 |
TOP OF THE 2ND |
Barry's Bay Orioles batting - Pitching for Minnesota Death Stars : RHP Pat Jackson
|
Batting: LHB John Horton
|
0-0: Ball 1-0: Ground out 1-3 (Groundball, 13S)
|
Batting: LHB Juan Romero
|
0-0: Ball 1-0: Ball 2-0: DOUBLE (Line Drive, 7LM)
|
Batting: LHB Carlos Romero
|
0-0: Called Strike 0-1: Foul Ball, location: 2F 0-2: Strikes out looking
|
Batting: LHB Javier Orozco
|
0-0: Ball 1-0: Fly out, F9 (Flyball, 9M)
|
Top of the 2nd over - 0 run(s), 1 hit(s), 0 error(s), 1 left on base; Barry's Bay 0 - Minnesota 1 |
BOTTOM OF THE 2ND |
Minnesota Death Stars batting - Pitching for Barry's Bay Orioles : LHP Ben Turner
|
Batting: LHB Sixto Cortés
|
0-0: Fly out, F8 (Flyball, 8RM)
|
Batting: LHB Lucas Coleman
|
0-0: Foul Ball, location: 2F 0-1: Called Strike 0-2: Ball 1-2: Fly out, F7 (Popup, 78S)
|
Batting: RHB Leslie Penn
|
0-0: Ball 1-0: Ball 2-0: Ball 3-0: Called Strike 3-1: Base on Balls
|
Batting: RHB John Brown
|
0-0: Ball 1-0: Ball 2-0: Called Strike 2-1: Swinging Strike 2-2: Ball 3-2: Foul Ball, location: 2F 3-2: Base on Balls Leslie Penn to second
|
Batting: RHB José Pérez
|
0-0: Called Strike 0-1: Ball 1-1: Called Strike 1-2: Foul Ball, location: 2F 1-2: Ball 2-2: Ground out 5-3 (Groundball, 5)
|
Bottom of the 2nd over - 0 run(s), 0 hit(s), 0 error(s), 2 left on base; Barry's Bay 0 - Minnesota 1 |
TOP OF THE 3RD |
Barry's Bay Orioles batting - Pitching for Minnesota Death Stars : RHP Pat Jackson
|
Batting: RHB Juan Méndez
|
0-0: Foul Ball, location: 2F 0-1: Ball 1-1: Ball 2-1: Ground out 6-3 (Groundball, 6)
|
Batting: RHB Shaun Puckett
|
0-0: Ball 1-0: Ball 2-0: Swinging Strike 2-1: Ball 3-1: Swinging Strike 3-2: Fly out, F9 (Flyball, 9M)
|
Batting: LHB William Wolf
|
0-0: Ball 1-0: DOUBLE (Line Drive, 7LM)
|
Batting: RHB Tom Hughes
|
0-0: Called Strike 0-1: Ball 1-1: SINGLE (Line Drive, 34D) William Wolf to third Runner from 3rd tries for Home, SAFE, no throw or cutoff
|
Batting: SHB Walt Simmons
|
0-0: Ball 1-0: Called Strike 1-1: Ball 2-1: Foul Ball, location: 2F 2-2: Ball 3-2: Base on Balls Tom Hughes to second
|
Batting: LHB John Horton
|
0-0: Foul Ball, location: 2F 0-1: Foul Ball, location: 2F 0-2: Foul Ball, location: 2F 0-2: Ball 1-2: 3-RUN HOME RUN (Flyball, 78XD), Distance : 393 ft
|
Batting: LHB Juan Romero
|
0-0: Ball 1-0: Ball 2-0: DOUBLE (Line Drive, 7LS)
|
Batting: LHB Carlos Romero
|
0-0: Ball 1-0: Called Strike 1-1: Foul Ball, location: 2F 1-2: Fly out, F8 (Flyball, 8LXD)
|
Top of the 3rd over - 4 run(s), 4 hit(s), 0 error(s), 1 left on base; Barry's Bay 4 - Minnesota 1 |
BOTTOM OF THE 3RD |
Minnesota Death Stars batting - Pitching for Barry's Bay Orioles : LHP Ben Turner
|
Batting: RHB Peter Dixon
|
0-0: Ball 1-0: Swinging Strike 1-1: Foul Ball, location: 2F 1-2: Strikes out swinging
|
Batting: LHB Chris Loudermilk
|
0-0: Swinging Strike 0-1: Ball 1-1: Called Strike 1-2: Ball 2-2: Ball 3-2: Strikes out swinging
|
Batting: RHB Herb Ashley
|
0-0: Called Strike 0-1: Ground out 6-3 (Groundball, 6)
|
Bottom of the 3rd over - 0 run(s), 0 hit(s), 0 error(s), 0 left on base; Barry's Bay 4 - Minnesota 1 |
TOP OF THE 4TH |
Barry's Bay Orioles batting - Pitching for Minnesota Death Stars : RHP Pat Jackson
|
Now in CF: Manny Clemente
|
|
Batting: LHB Javier Orozco
|
0-0: Called Strike 0-1: Ball 1-1: DOUBLE (Line Drive, 7LM)
|
Batting: RHB Juan Méndez
|
0-0: Ball 1-0: Fly out, F6 (Popup, 6)
|
Batting: RHB Shaun Puckett
|
0-0: Called Strike 0-1: Ball 1-1: Ball 2-1: Fly out, F3 (Popup, 3F)
|
Batting: LHB William Wolf
|
0-0: Swinging Strike 0-1: Swinging Strike 0-2: Ball 1-2: Fly out, F3 (Popup, 3S)
|
Top of the 4th over - 0 run(s), 1 hit(s), 0 error(s), 1 left on base; Barry's Bay 4 - Minnesota 1 |
BOTTOM OF THE 4TH |
Minnesota Death Stars batting - Pitching for Barry's Bay Orioles : LHP Ben Turner
|
Batting: RHB Jorge Martínez
|
0-0: Called Strike 0-1: Fly out, F9 (Flyball, 9M)
|
Batting: LHB Sixto Cortés
|
0-0: Ball 1-0: Fly out, F2 (Popup, 2LF)
|
Batting: RHB Manny Clemente
|
0-0: Called Strike 0-1: Foul Ball, location: 2F 0-2: SINGLE (Groundball, 56D)
|
Batting: RHB Leslie Penn
|
0-0: Foul Ball, location: 2F 0-1: Called Strike 0-2: Ball 1-2: 2-RUN HOME RUN (Flyball, 8LXD), Distance : 419 ft
|
Batting: RHB John Brown
|
0-0: Called Strike 0-1: Ball 1-1: Swinging Strike 1-2: Strikes out looking
|
Bottom of the 4th over - 2 run(s), 2 hit(s), 0 error(s), 0 left on base; Barry's Bay 4 - Minnesota 3 |
TOP OF THE 5TH |
Barry's Bay Orioles batting - Pitching for Minnesota Death Stars : RHP Pat Jackson
|
Batting: RHB Tom Hughes
|
0-0: Ball 1-0: Ball 2-0: Ball 3-0: Base on Balls
|
Batting: SHB Walt Simmons
|
0-0: Fielders Choice at 2nd, 5-4 (Groundball, 56)
|
Batting: LHB John Horton
|
0-0: Called Strike 0-1: Foul Ball, location: 2F 0-2: Ball 1-2: 2-RUN HOME RUN (Flyball, 78XD), Distance : 410 ft
|
Pitching: RHP Octávio López
|
|
Batting: LHB Juan Romero
|
0-0: Ball 1-0: Ball 2-0: Ball 3-0: Called Strike 3-1: Swinging Strike 3-2: Foul Ball, location: 2F 3-2: Foul Ball, location: 2F 3-2: Base on Balls
|
Batting: LHB Carlos Romero
|
0-0: Foul Ball, location: 2F 0-1: Foul Ball, location: 2F 0-2: Strikes out swinging
|
Batting: LHB Javier Orozco
|
0-0: Fly out, F4 (Line Drive, 4)
|
Top of the 5th over - 2 run(s), 1 hit(s), 0 error(s), 1 left on base; Barry's Bay 6 - Minnesota 3 |
BOTTOM OF THE 5TH |
Minnesota Death Stars batting - Pitching for Barry's Bay Orioles : LHP Ben Turner
|
Batting: RHB José Pérez
|
0-0: Ball 1-0: Foul Ball, location: 2F 1-1: Ball 2-1: Swinging Strike 2-2: Strikes out looking
|
Batting: RHB Peter Dixon
|
0-0: Ball 1-0: Ball 2-0: Ball 3-0: Called Strike 3-1: Base on Balls
|
Batting: LHB Chris Loudermilk
|
0-0: Ball 1-0: Ball 2-0: Ball 3-0: Called Strike 3-1: Called Strike 3-2: Foul Ball, location: 2F 3-2: DOUBLE (Flyball, 89M) Peter Dixon to third
|
Pitching: RHP Daniel Washington
|
|
Batting: RHB Herb Ashley
|
0-0: Called Strike 0-1: Ball 1-1: Ball 2-1: Swinging Strike 2-2: Foul Ball, location: 2F 2-2: Strikes out swinging
|
Batting: RHB Jorge Martínez
|
0-0: Called Strike 0-1: Ball 1-1: Ball 2-1: Foul Ball, location: 2F 2-2: Ball 3-2: Base on Balls
|
Batting: LHB Sixto Cortés
|
0-0: Ball 1-0: Ball 2-0: Foul Ball, location: 2F 2-1: Swinging Strike 2-2: Strikes out swinging
|
Bottom of the 5th over - 0 run(s), 1 hit(s), 0 error(s), 3 left on base; Barry's Bay 6 - Minnesota 3 |
TOP OF THE 6TH |
Barry's Bay Orioles batting - Pitching for Minnesota Death Stars : RHP Octávio López
|
Batting: RHB Juan Méndez
|
0-0: Called Strike 0-1: Ground out 4-3 (Groundball, 4M)
|
Batting: RHB Shaun Puckett
|
0-0: Foul Ball, location: 2F 0-1: Ball 1-1: Ball 2-1: Ground out 6-3 (Groundball, 6M)
|
Batting: LHB William Wolf
|
0-0: Ball 1-0: Ball 2-0: Called Strike 2-1: Ball 3-1: Base on Balls
|
Batting: RHB Tom Hughes
|
0-0: Foul Ball, location: 2F 0-1: Ball 1-1: Called Strike 1-2: Ball 2-2: Strikes out looking
|
Top of the 6th over - 0 run(s), 0 hit(s), 0 error(s), 1 left on base; Barry's Bay 6 - Minnesota 3 |
BOTTOM OF THE 6TH |
Minnesota Death Stars batting - Pitching for Barry's Bay Orioles : RHP Daniel Washington
|
Batting: RHB Manny Clemente
|
0-0: Swinging Strike 0-1: Ball 1-1: Ball 2-1: Called Strike 2-2: Ground out 5-3 (Groundball, 5)
|
Batting: RHB Leslie Penn
|
0-0: Ball 1-0: Foul Ball, location: 2F 1-1: Ball 2-1: Ball 3-1: Base on Balls
|
Batting: RHB John Brown
|
0-0: Ball 1-0: Called Strike 1-1: Foul Ball, location: 2F 1-2: Strikes out looking
|
Batting: RHB José Pérez
|
0-0: Ball 1-0: Called Strike 1-1: Ball 2-1: Called Strike 2-2: Strikes out swinging
|
Bottom of the 6th over - 0 run(s), 0 hit(s), 0 error(s), 1 left on base; Barry's Bay 6 - Minnesota 3 |
TOP OF THE 7TH |
Barry's Bay Orioles batting - Pitching for Minnesota Death Stars : RHP Octávio López
|
Pitching: RHP Joe Hopkins
|
|
Batting: SHB Walt Simmons
|
0-0: Ground out 5-3 (Groundball, 56)
|
Batting: LHB John Horton
|
0-0: Ball 1-0: Ball 2-0: Ball 3-0: Base on Balls
|
Batting: LHB Juan Romero
|
0-0: Ball 1-0: Called Strike 1-1: Grounds into double play, 5-4-3 (Groundball, 5)
|
Top of the 7th over - 0 run(s), 0 hit(s), 0 error(s), 0 left on base; Barry's Bay 6 - Minnesota 3 |
BOTTOM OF THE 7TH |
Minnesota Death Stars batting - Pitching for Barry's Bay Orioles : RHP Daniel Washington
|
Batting: RHB Peter Dixon
|
0-0: Ball 1-0: Swinging Strike 1-1: SINGLE (Line Drive, 3D)
|
Batting: LHB Chris Loudermilk
|
0-0: Ball 1-0: Ball 2-0: Called Strike 2-1: Ball 3-1: Foul Ball, location: 2F 3-2: Foul Ball, location: 2F 3-2: Foul Ball, location: 2F 3-2: Base on Balls Peter Dixon to second
|
Pitching: RHP Chad Weber
|
|
Batting: RHB Herb Ashley
|
0-0: Ball 1-0: Ball 2-0: Ball 3-0: Base on Balls Peter Dixon to third Chris Loudermilk to second
|
Pinch Hitting: LHB Rob Davidson
|
0-0: Ball 1-0: Called Strike 1-1: Foul Ball, location: 2F 1-2: Strikes out swinging
|
Batting: LHB Sixto Cortés
|
0-0: Ball 1-0: Ball 2-0: Ball 3-0: Called Strike 3-1: SINGLE (Groundball, 34) Peter Dixon scores Chris Loudermilk to third Herb Ashley to second Runner from 3rd tries for Home, SAFE, throw made home
|
Batting: RHB Manny Clemente
|
0-0: Ball 1-0: Ball 2-0: Called Strike 2-1: Called Strike 2-2: Foul Ball, location: 2F 2-2: Ball 3-2: Foul Ball, location: 2F 3-2: Base on Balls Herb Ashley to third Sixto Cortés to second
|
Batting: RHB Leslie Penn
|
0-0: Ball 1-0: Fly out, F9 (Flyball, 9M) Runner from 3rd tags up, OUT at HOME
|
Bottom of the 7th over - 2 run(s), 2 hit(s), 0 error(s), 2 left on base; Barry's Bay 6 - Minnesota 5 |
TOP OF THE 8TH |
Barry's Bay Orioles batting - Pitching for Minnesota Death Stars : RHP Joe Hopkins
|
Now in RF: Rob Davidson
|
|
Batting: LHB Carlos Romero
|
0-0: Called Strike 0-1: Ball 1-1: Foul Ball, location: 2F 1-2: Strikes out swinging
|
Batting: LHB Javier Orozco
|
0-0: Ball 1-0: Foul Ball, location: 2F 1-1: Ball 2-1: Ground out U3 (Groundball, 3L)
|
Batting: RHB Juan Méndez
|
0-0: Called Strike 0-1: Foul Ball, location: 2F 0-2: Ball 1-2: Ball 2-2: Strikes out looking
|
Top of the 8th over - 0 run(s), 0 hit(s), 0 error(s), 0 left on base; Barry's Bay 6 - Minnesota 5 |
BOTTOM OF THE 8TH |
Minnesota Death Stars batting - Pitching for Barry's Bay Orioles : RHP Chad Weber
|
Pitching: RHP Alfredo López
|
|
Batting: RHB John Brown
|
0-0: Called Strike 0-1: Ball 1-1: SINGLE (Flyball, 89S)
|
Batting: RHB José Pérez
|
0-0: Ball 1-0: Bunted foul 1-1: Sac Bunt - play at first, batter OUT! 3-4 John Brown to second
|
Batting: RHB Peter Dixon
|
0-0: Foul Ball, location: 2F 0-1: Foul Ball, location: 2F 0-2: Ball 1-2: Strikes out swinging
|
Pitching: LHP Jerry Wolfe
|
|
Batting: LHB Chris Loudermilk
|
0-0: Foul Ball, location: 2F 0-1: Ball 1-1: Foul Ball, location: 2F 1-2: Foul Ball, location: 2F 1-2: SINGLE (Line Drive, 34D) John Brown to third Runner from 3rd tries for Home, SAFE, no throw or cutoff
|
Batting: RHB Herb Ashley
|
0-0: Foul Ball, location: 2F 0-1: Ball 1-1: Called Strike 1-2: Strikes out swinging
|
Bottom of the 8th over - 1 run(s), 2 hit(s), 0 error(s), 1 left on base; Barry's Bay 6 - Minnesota 6 |
TOP OF THE 9TH |
Barry's Bay Orioles batting - Pitching for Minnesota Death Stars : RHP Joe Hopkins
|
Pitching: RHP Howard Jewel
|
|
Batting: RHB Shaun Puckett
|
0-0: Ball 1-0: Called Strike 1-1: Swinging Strike 1-2: Ball 2-2: Ground out 1-3 (Groundball, 15)
|
Batting: LHB William Wolf
|
0-0: Called Strike 0-1: Ball 1-1: Swinging Strike 1-2: Strikes out looking
|
Batting: RHB Tom Hughes
|
0-0: Ball 1-0: Called Strike 1-1: Swinging Strike 1-2: Strikes out swinging
|
Top of the 9th over - 0 run(s), 0 hit(s), 0 error(s), 0 left on base; Barry's Bay 6 - Minnesota 6 |
BOTTOM OF THE 9TH |
Minnesota Death Stars batting - Pitching for Barry's Bay Orioles : LHP Jerry Wolfe
|
Pinch Hitting: RHB Donato Gozende
|
0-0: Called Strike 0-1: Ball 1-1: Swinging Strike 1-2: Ball 2-2: Foul Ball, location: 2F 2-2: Foul Ball, location: 2F 2-2: Strikes out swinging
|
Batting: LHB Sixto Cortés
|
0-0: Ball 1-0: Called Strike 1-1: Foul Ball, location: 2F 1-2: Ball 2-2: Ball 3-2: Fly out, F5 (Popup, 5F)
|
Batting: RHB Manny Clemente
|
0-0: Ball 1-0: Foul Ball, location: 2F 1-1: Ball 2-1: Ball 3-1: Base on Balls
|
Batting: RHB Leslie Penn
|
0-0: Called Strike 0-1: Fly out, F7 (Flyball, 7S)
|
Bottom of the 9th over - 0 run(s), 0 hit(s), 0 error(s), 1 left on base; Barry's Bay 6 - Minnesota 6 |
TOP OF THE 10TH |
Barry's Bay Orioles batting - Pitching for Minnesota Death Stars : RHP Howard Jewel
|
Now in RF: Donato Gozende
|
|
Pinch Hitting: LHB Dave Gordon
|
0-0: Ball 1-0: Ball 2-0: Called Strike 2-1: Ball 3-1: Base on Balls
|
Batting: LHB John Horton
|
0-0: Ball 1-0: DOUBLE (Line Drive, 89M) Dave Gordon to third
|
Batting: LHB Juan Romero
|
0-0: Intentional Walk
|
Pinch Hitting: RHB Brian Parks
|
0-0: Foul Ball, location: 2F 0-1: Swinging Strike 0-2: Strikes out looking
|
Batting: LHB Javier Orozco
|
0-0: Called Strike 0-1: Called Strike 0-2: Fly out, F3 (Popup, 13)
|
Batting: RHB Juan Méndez
|
0-0: Foul Ball, location: 2F 0-1: Called Strike 0-2: Ball 1-2: Strikes out looking
|
Top of the 10th over - 0 run(s), 1 hit(s), 0 error(s), 3 left on base; Barry's Bay 6 - Minnesota 6 |
BOTTOM OF THE 10TH |
Minnesota Death Stars batting - Pitching for Barry's Bay Orioles : LHP Jerry Wolfe
|
Now at 1B: Martin Short
|
|
Now at 3B: Brian Parks
|
|
Batting: RHB John Brown
|
0-0: Ball 1-0: Called Strike 1-1: Swinging Strike 1-2: Strikes out swinging
|
Batting: RHB José Pérez
|
0-0: Ball 1-0: Called Strike 1-1: Ball 2-1: SINGLE (Groundball, 6MD) (infield hit)
|
Batting: RHB Peter Dixon
|
0-0: Ball 1-0: Ball 2-0: Ground out 5-3 (Groundball, 5S) José Pérez to second
|
Batting: LHB Chris Loudermilk
|
0-0: Foul Ball, location: 2F 0-1: Swinging Strike 0-2: Strikes out swinging
|
Bottom of the 10th over - 0 run(s), 1 hit(s), 0 error(s), 1 left on base; Barry's Bay 6 - Minnesota 6 |
TOP OF THE 11TH |
Barry's Bay Orioles batting - Pitching for Minnesota Death Stars : RHP Howard Jewel
|
Batting: RHB Shaun Puckett
|
0-0: Ball 1-0: Foul Ball, location: 2F 1-1: Ball 2-1: Ball 3-1: Base on Balls
|
Batting: LHB William Wolf
|
0-0: Ball 1-0: Foul Ball, location: 2F 1-1: Ball 2-1: Called Strike 2-2: Ball 3-2: Fly out, F7 (Flyball, 78XD)
|
Batting: RHB Tom Hughes
|
0-0: Ball 1-0: Fielders Choice at 2nd, 2-6 (Groundball, 2R)
|
Pinch Hitting: RHB Tommy Wilson
|
0-0: Ball 1-0: Called Strike 1-1: Ball 2-1: Ball 3-1: Called Strike 3-2: SINGLE (Groundball, 56) Tom Hughes to second Tom Hughes to third
|
Pitching: RHP Jeremias Pereirinha
|
|
Batting: LHB John Horton
|
0-0: Ball 1-0: Ball 2-0: Ball 3-0: Foul Ball, location: 2F 3-1: Foul Ball, location: 2F 3-2: Base on Balls Tommy Wilson to second
|
Batting: LHB Juan Romero
|
0-0: Foul Ball, location: 2F 0-1: Foul Ball, location: 2F 0-2: Foul Ball, location: 2F 0-2: Ball 1-2: Strikes out swinging
|
Top of the 11th over - 0 run(s), 1 hit(s), 0 error(s), 3 left on base; Barry's Bay 6 - Minnesota 6 |
BOTTOM OF THE 11TH |
Minnesota Death Stars batting - Pitching for Barry's Bay Orioles : LHP Jerry Wolfe
|
Now at 1B: John White
|
|
Batting: RHB Herb Ashley
|
0-0: Ground out 6-3 (Groundball, 6)
|
Batting: RHB Donato Gozende
|
0-0: Called Strike 0-1: Foul Ball, location: 2F 0-2: Ball 1-2: Ball 2-2: Ball 3-2: Base on Balls
|
Batting: LHB Sixto Cortés
|
0-0: Called Strike 0-1: Called Strike 0-2: Ball 1-2: Ball 2-2: Strikes out swinging
|
Pitching: RHP Augusto Ruíz
|
|
Batting: RHB Manny Clemente
|
0-0: Called Strike 0-1: Ball 1-1: Ball 2-1: SINGLE (Groundball, 34D) Donato Gozende to second Runner from 2nd tries for 3rd, SAFE, throw made to third
|
Batting: RHB Leslie Penn
|
0-0: Swinging Strike 0-1: Ball 1-1: Ball 2-1: Fly out, F8 (Flyball, 8RD)
|
Bottom of the 11th over - 0 run(s), 1 hit(s), 0 error(s), 2 left on base; Barry's Bay 6 - Minnesota 6 |
TOP OF THE 12TH |
Barry's Bay Orioles batting - Pitching for Minnesota Death Stars : RHP Jeremias Pereirinha
|
Batting: RHB Brian Parks
|
0-0: Swinging Strike 0-1: Ball 1-1: Swinging Strike 1-2: Ball 2-2: Ball 3-2: Foul Ball, location: 2F 3-2: Strikes out swinging
|
Batting: LHB Javier Orozco
|
0-0: Ball 1-0: Called Strike 1-1: SINGLE (Line Drive, 5D)
|
Batting: RHB Juan Méndez
|
0-0: Called Strike 0-1: Ball 1-1: Foul Ball, location: 2F 1-2: Ball 2-2: Strikes out swinging
|
Batting: RHB Shaun Puckett
|
0-0: Ball Javier Orozco steals 2nd base 1-0: Ball 2-0: Ball 3-0: Base on Balls
|
Batting: LHB William Wolf
|
0-0: Ball 1-0: Swinging Strike 1-1: Ball 2-1: Foul Ball, location: 2F 2-2: Ball 3-2: SINGLE (Flyball, 8RS) Javier Orozco to third Shaun Puckett to second Javier Orozco scores Shaun Puckett to third
|
Batting: RHB Tom Hughes
|
0-0: Ball 1-0: Ground out 1-3 (Groundball, 15)
|
Top of the 12th over - 1 run(s), 2 hit(s), 0 error(s), 2 left on base; Barry's Bay 7 - Minnesota 6 |
BOTTOM OF THE 12TH |
Minnesota Death Stars batting - Pitching for Barry's Bay Orioles : RHP Augusto Ruíz
|
Batting: RHB John Brown
|
0-0: Swinging Strike 0-1: Called Strike 0-2: Ball 1-2: Strikes out swinging
|
Batting: RHB José Pérez
|
0-0: Called Strike 0-1: Ball 1-1: Called Strike 1-2: Strikes out looking
|
Batting: RHB Peter Dixon
|
0-0: Ball 1-0: Ball 2-0: Foul Ball, location: 2F 2-1: Foul Ball, location: 2F 2-2: Ground out 4-3 (Groundball, 34)
|
Bottom of the 12th over - 0 run(s), 0 hit(s), 0 error(s), 0 left on base; Barry's Bay 7 - Minnesota 6 |
|